 Dungeon Crawl Stone Soup version 0.19-a0-1107-gc676ff4 (webtiles) character file.

93 4thArraOfDagon the Ruffian (level 4, 0/40 HPs)
             Began as a Troll Arcane Marksman on Aug 9, 2016.
             Was an Initiate of Vehumet.
             Killed from afar by an orc wizard (12 damage)
             ... with a magic dart
             ... on level 4 of the Dungeon.
             The game lasted 00:02:51 (624 turns).

4thArraOfDagon the Ruffian (Troll Arcane Marksman)   Turns: 624, Time: 00:02:52

Health: 0/40       AC:  5    Str: 19    XL:     4   Next: 37%
Magic:  4/4        EV: 10    Int: 10    God:    Vehumet [......]
Gold:   68         SH:  0    Dex:  9    Spells: 1 memorised, 4 levels left

rFire  . . .     SeeInvis .       - Unarmed
rCold  . . .     Gourm    +     a - +0 robe
rNeg   . . .     Faith    .     (no shield)
rPois  .         Spirit   .     (helmet restricted)
rElec  .         Dismiss  .     (no cloak)
rCorr  .         Reflect  .     (gloves unavailable)
SustAt .         Harm     .     (boots unavailable)
MR     .....                    (no amulet)
Stlth  +.........               (no ring)
                                (no ring)

@:
A: unfitting armour, claws 3, fast metabolism 3, gourmand, regeneration 2,
shaggy fur 1, tough skin 2
a: Renounce Religion


You were on level 4 of the Dungeon.
You worshipped Vehumet.
Vehumet was noncommittal.
You were very full.

You visited 1 branch of the dungeon, and saw 4 of its levels.

You collected 68 gold pieces.

Inventory:

Missiles
 c - 4 large rocks (quivered)
 d - 2 throwing nets
Armour
 a - a +0 robe (worn)
Scrolls
 e - 2 scrolls of fear {unknown}
 g - 5 scrolls of identify {unknown}
 j - a scroll of remove curse {unknown}
 n - a scroll of noise {unknown}
Potions
 h - 3 potions of curing {unknown}
 i - 2 potions of flight {unknown}
 k - 2 potions of brilliance {unknown}
 m - a potion of resistance {unknown}
Books
 b - a book of Debilitation

   Spells                             Type                      Level
   a - Corona                         Hexes                        1
   b - Slow                           Hexes                        2
   c - Gell's Gravitas                Hexes/Translocation          3
   d - Inner Flame                    Hexes/Fire                   3
   e - Cause Fear                     Hexes                        4
   f - Leda's Liquefaction            Hexes/Earth                  4
Comestibles
 f - 2 bread rations
 l - a slice of pizza


   Skills:
 - Level 0.7 Fighting
 - Level 1.7 Throwing
 - Level 1.5 Dodging
 * Level 4.0 Unarmed Combat
 - Level 1.0 Spellcasting
 - Level 2.0 Hexes


You had 4 spell levels left.
You knew the following spells:

 Your Spells              Type           Power        Failure   Level  Hunger
a - Corona                Hex            #......      17%         1    ##.....


Dungeon Overview and Level Annotations

Branches:
Dungeon (4/15)
 Temple: D:4-7

Altars:
Fedhas
Vehumet


Innate Abilities, Weirdness & Mutations

You are too large for most types of armour.
You have claws for hands.
Your metabolism is lightning-fast.
You like to eat raw meat.
You heal very quickly.
You are covered in fur. (AC +1)
You have very tough skin. (AC +2)


Message History

You barely miss something. Something hits you!
You barely miss something. Something hits you but does no damage.
You miss something. Something hits you. x2
You miss something. Your claw misses something.
Something hits you but does no damage.
You scratch something but do no damage. You claw something. Something hits you.
You hear some strange, mumbled words.
A puff of flame appears from out of thin air!
The puff of flame hits you!
You scratch something. Something hits you but does no damage.
You miss something. Something hits you but does no damage. Something hits you.
You barely miss something. Something hits you but does no damage.
You closely miss something. Something hits you.
* * * LOW HITPOINT WARNING * * *
You closely miss something. Something hits you but does no damage.
You closely miss something.
You hear some strange, mumbled words.
A magic dart appears from out of thin air!
The magic dart hits you!
You die...

. .#$ ...
#.# #.# #.#
#######.#
#....@{.#
#.#####.###
#.....#
##.....#
#.))...#
#......#
#......#
###
#.######
.... #.#


There were no monsters in sight!

Vanquished Creatures
  A centaur skeleton (D:4)
  A gnoll (D:3)
  4 adders
  A worm (D:4)
  An orc (D:3)
  A ball python (D:4)
  2 giant cockroaches
  A goblin (D:3)
  A hobgoblin (D:2)
  2 quokkas
  A bat (D:1)
  A giant newt (D:1)
  A kobold (D:1)
  2 rats
  A fungus (D:3)
21 creatures vanquished.

Notes
Turn   | Place    | Note
-------+----------+-------------------------------------------
     0 | D:1      | 4thArraOfDagon the Troll Arcane Marksman began the quest for the Orb.
     0 | D:1      | Reached XP level 1. HP: 18/18 MP: 1/1
   115 | D:2      | Reached skill level 1 in Unarmed Combat
   175 | D:2      | Reached skill level 2 in Unarmed Combat
   175 | D:2      | Reached XP level 2. HP: 11/26 MP: 2/2
   268 | D:3      | Found a blossoming altar of Fedhas.
   375 | D:3      | Reached XP level 3. HP: 32/32 MP: 3/3
   398 | D:4      | Reached skill level 3 in Unarmed Combat
   413 | D:4      | Reached XP level 4. HP: 27/40 MP: 4/4
   422 | D:4      | Found a radiant altar of Vehumet.
   430 | D:4      | Became a worshipper of Vehumet
   588 | D:3      | Reached skill level 4 in Unarmed Combat
   624 | D:4      | Killed from afar by an orc wizard

Vault maps used:
D:1:      lightli_arrival_noodles, minivault_5, serial_bayou_pond_b
D:2:      grunt_temple_overflow_open, first_bread, wad_floor_pattern_untrapped,
          uniq_iyjb, uniq_sigmund, uniq_robin, uniq_terence
D:3:      fedhas_altar_3, minmay_bisected
D:4:      minmay_wonky_spiral, kennysheep_mini_moat, saegor_snake_ambush

Skill      XL: |  1  2  3  4 |
---------------+-------------+-----
Unarmed Combat | 2 3 4 |  4.0
Fighting       | |  0.7
Throwing       | |  1.7
Dodging        | |  1.5
Spellcasting   | |  1.0
Hexes          | |  2.0

Action                   |  1- 3 |  4- 6 || total
-------------------------+-------+-------++-------
Melee: Unarmed           |    63 |    27 ||    90
       Punch             |       |     1 ||     1
  Eat: Chunk             |     4 |     6 ||    10
Armor: Robe              |    21 |     9 ||    30
Dodge: Dodged            |    21 |     8 ||    29
